 Dungeon Crawl Stone Soup version 0.30.0-15-g856e2d3f33 (webtiles) character file.

Game seed: 9810686275375185522

1355 qw the Chopper (level 8, -3/49 HPs)
             Began as a Gargoyle Cinder Acolyte on May 18, 2023.
             Was an Elder of Ignis.
             Shot with an arrow by a centaur (7 damage)
             ... on level 6 of the Dungeon.
             The game lasted 00:02:36 (4726 turns).

qw the Chopper (Gargoyle Cinder Acolyte)            Turns: 4726, Time: 00:02:36

Health: -3/49      AC: 23    Str: 19    XL:     8   Next: 63%
Magic:  9/9        EV:  8    Int: 16    God:    Ignis [****..]
Gold:   341        SH:  0    Dex: 11    Spells: 9/9 levels left

rFire   + . .        Y - +3 war axe (elec)
rCold   . . .        (no shield)
rNeg    + . .        e - +0 chain mail
rPois   inf          (no helmet)
rElec   +            p - +1 cloak
rCorr   .            (no gloves)
SInv    .            (no boots)
Will    +....        (no amulet) Stlth
                     n - ring of willpower
HPRegen 0.28/turn    g - +6 ring of dexterity
MPRegen 0.11/turn

%: no passive effects
@: about to teleport, fiery-armoured
A: sickness immunity, AC +5, negative energy resistance 1, electricity
resistance, torment resistance 1, petrification resistance
a: Renounce Religion, Fiery Armour, Foxfire Swarm, Rising Flame


You were on level 6 of the Dungeon.
You worshipped Ignis.
Ignis was greatly pleased with you.
You visited 1 branch of the dungeon, and saw 6 of its levels.

You collected 341 gold pieces.


Innate Abilities, Weirdness & Mutations

You are immune to sickness and miasma.
Your stone body is resilient. (AC +5)
You are immune to poison.
You resist negative energy. (rN+)
You are resistant to electric shocks. (rElec)
You are resistant to unholy torment.
You are immune to petrification.


   Skills:
 - Level 5.3 Fighting
 + Level 7.7 Axes
 - Level 2.3 Throwing
 - Level 3.0 Armour
 - Level 2.6 Dodging
 - Level 1.0 Spellcasting
 - Level 3.0 Fire Magic


You had 9 spell levels left.
You didn't know any spells.
Your spell library contained the following spells:

 Spells                   Type           Power      Damage    Failure   Level
 Scorch                   Fire           20%        2d5       65%         2

Inventory:

Hand Weapons
 j - a -1 hand axe of flaming
 Y - a +3 war axe of electrocution (weapon)
Missiles
 i - 4 boomerangs (quivered)
Armour
 e - a +0 chain mail (worn)
 p - a +1 cloak (worn)
Jewellery
 d - a ring of positive energy
 g - a +6 ring of dexterity (right hand)
 n - a ring of willpower (left hand)
Scrolls
 b - 2 scrolls of identify
Potions
 c - a potion of curing {unknown}
 f - a potion of resistance {unknown}
 h - a potion of invisibility {unknown}
 k - a potion of degeneration {unknown}

Dungeon Overview and Level Annotations

Branches:
Dungeon (6/15)
 Temple: D:4-7

Altars:
Qazlal
Xom
The Shining One

Annotations:
D:6 Pikel


Message History

The javelin barely misses the orc warrior.
The orc shouts!
You hear an angry hiss.
The centaur shoots an arrow.
The arrow hits you.
An adder comes into view.
An orc comes into view. It is wielding a +0 dagger.
An orc comes into view. It is wielding a +0 hand axe.
The orc shouts!
4722 ||| INVOKING Fiery Armour.
A protective cloak of flame settles atop you.
The orc shouts!
The centaur shoots an arrow.
The arrow hits you but does no damage.
The centaur shoots an arrow.
The arrow hits you.
An orc comes into view. It is wielding a +0 club.
You are too injured to fight recklessly!
The centaur shoots an arrow.
The arrow hits you but does no damage.
The orc priest mumbles some strange prayers to Beogh against you.
Beogh smites you!
You hear a shout!
4724 ||| READING scroll of teleportation.
As you read the scroll of teleportation, it crumbles to dust.
You feel strangely unstable.
The centaur shoots an arrow.
The arrow hits you but does no damage.
The centaur shoots an arrow.
The arrow hits you but does no damage.
A phantom comes into view.
You hit the orc warrior.
The orc warrior is moderately wounded.
You slash the orc!
You kill the orc!
The centaur shoots an arrow.
The arrow hits you.
Pikel, Merchant of Souls comes into view.
He is wielding a +0 whip of flaming.
The orc warrior hits you but does no damage.
The orc warrior is burned by your cloak of flames.
The orc warrior is heavily wounded.
You slash the orc warrior!
Lightning courses through the orc warrior!!
You kill the orc warrior!
The centaur shoots an arrow.
The arrow hits you but does no damage.
The centaur shoots an arrow.
The arrow hits you!
You die...

...............
o.K...................
.(....................
..........?..........
.o..................
#o.................
#..................
#.)................
###)@................
#.o.~...............<
#So.................)
.......................
........................
........................
.W..................(...
....c................[..
......####...###.......


You could see Pikel, a phantom, a centaur, an orc priest, an adder and 3 orcs.

Vanquished Creatures
  Grinder (D:3)
  Eustachio (D:4)
  A sky beast (D:6)
  A black bear (D:5)
  An ice beast (D:6)
  An orc warrior (D:6)
  An ogre (D:4)
  A phantom (D:5)
  A howler monkey (D:5)
  3 hounds
  An orc priest (D:4)
  Ijyb (D:3)
  4 iguanas
  2 orc wizards (D:4)
  4 gnolls (D:6)
  10 adders
  2 shadow imps (D:5)
  3 white imps
  2 ufetubi
  A worm (D:5)
  2 dart slugs
  11 orcs
  An endoplasm (D:1)
  4 giant cockroaches
  3 goblins
  7 hobgoblins
  4 jackals (D:2)
  5 quokkas
  9 ball pythons
  7 bats
  5 frilled lizards
  8 kobolds
  6 rats
114 creatures vanquished.

Notes
Turn   | Place    | Note
-------+----------+-------------------------------------------
     0 | D:1      | qw the Gargoyle Cinder Acolyte began the quest for the Orb.
     0 | D:1      | Reached XP level 1. HP: 14/14 MP: 2/2
     0 | D:1      | 0 ||| qw: Version: 0.2-a-95-gc95f03d
     0 | D:1      | 0 ||| qw: Game counter: 35
     0 | D:1      | 0 ||| qw: Always use a shield: true
     0 | D:1      | 0 ||| qw: God list: Okawaru
     0 | D:1      | 0 ||| qw: Allow faded altars: false
     0 | D:1      | 0 ||| qw: Do Orc after D:15 true
     0 | D:1      | 0 ||| qw: Do second Lair branch before Depths: true
     0 | D:1      | 0 ||| qw: Lair rune preference: random
     0 | D:1      | 0 ||| qw: Plans: Normal
     0 | D:1      | 0 ||| PLANNING D:1-11
    75 | D:1      | 75 ||| Stepping ~*~*~tactically~*~*~ (stealth).
    81 | D:1      | Reached skill level 3 in Axes
   129 | D:1      | Reached XP level 2. HP: 19/19 MP: 3/3
   506 | D:1      | 506 ||| Stepping ~*~*~tactically~*~*~ (hiding).
   607 | D:1      | Reached XP level 3. HP: 20/23 MP: 4/4
   852 | D:1      | 852 ||| UPGRADING to +0 scale mail.
   862 | D:1      | 862 ||| DROPPING +0 robe.
   863 | D:1      | 863 ||| READING 2 scrolls labelled NIOB HETAOG.
   867 | D:1      | 867 ||| READING scroll labelled JIMUCV XIUDA.
   868 | D:1      | 868 ||| DRINKING 2 viscous red potions.
   869 | D:1      | 869 ||| DRINKING 2 golden potions.
   870 | D:1      | 870 ||| DROPPING potion of flight.
   871 | D:1      | 871 ||| DROPPING potion of brilliance.
   908 | D:2      | Reached skill level 1 in Armour
   940 | D:2      | Reached skill level 4 in Axes
  1037 | D:2      | 1037 ||| Stepping ~*~*~tactically~*~*~ (stealth).
  1071 | D:2      | Found a shimmering altar of Xom.
  1145 | D:2      | 1145 ||| Stepping ~*~*~tactically~*~*~ (stealth).
  1161 | D:2      | Reached XP level 4. HP: 21/28 MP: 5/5
  1412 | D:2      | 1412 ||| DROPPING +3 leather armour.
  1413 | D:2      | 1413 ||| UPGRADING to ring of positive energy.
  1414 | D:2      | 1414 ||| UPGRADING to +6 ring of dexterity.
  1415 | D:2      | 1415 ||| READING 2 scrolls of identify.
  1415 | D:2      | 1415 ||| IDENTIFYING fizzy ruby potion
  1416 | D:2      | 1416 ||| DROPPING potion of magic.
  1588 | D:3      | 1588 ||| Stepping ~*~*~tactically~*~*~ (hiding).
  1624 | D:3      | 1624 ||| Stepping ~*~*~tactically~*~*~ (stealth).
  1626 | D:3      | 1626 ||| Stepping ~*~*~tactically~*~*~ (stealth).
  1703 | D:3      | Noticed Grinder
  1706 | D:3      | 1706 ||| Stepping ~*~*~tactically~*~*~ (hiding).
  1707 | D:3      | 1707 ||| Stepping ~*~*~tactically~*~*~ (hiding).
  1715 | D:3      | Paralysed by Grinder for 5 turns
  1724 | D:3      | Paralysed by Grinder for 2 turns
  1739 | D:3      | 1739 ||| INVOKING Fiery Armour.
  1740 | D:3      | Killed Grinder
  1741 | D:3      | Reached skill level 6 in Axes
  1741 | D:3      | Reached XP level 5. HP: 16/32 MP: 6/6
  1741 | D:3      | Reached XP level 6. HP: 18/37 MP: 7/7
  1908 | D:3      | Noticed Ijyb
  1943 | D:3      | Killed Ijyb
  2095 | D:3      | 2095 ||| READING scroll labelled MOS MEOMUT.
  2166 | D:4      | Noticed Eustachio
  2197 | D:4      | Killed Eustachio
  2198 | D:4      | Reached XP level 7. HP: 32/41 MP: 8/8
  2245 | D:4      | 2245 ||| INVOKING Fiery Armour.
  2268 | D:4      | 2268 ||| Stepping randomly (disturbance).
  2269 | D:4      | 2269 ||| Stepping randomly (disturbance).
  2337 | D:4      | 2337 ||| SWAPPING to +2 war axe of electrocution.
  2671 | D:4      | Reached skill level 1 in Throwing
  3010 | D:4      | 3010 ||| Stepping ~*~*~tactically~*~*~ (hiding).
  3231 | D:4      | 3231 ||| READING 2 scrolls labelled VIWOTA OTIFIAM.
  3232 | D:4      | 3232 ||| READING scroll labelled MOJUKL RAASK.
  3233 | D:4      | 3233 ||| READING 2 scrolls of identify.
  3233 | D:4      | 3233 ||| IDENTIFYING fuming white potion
  3234 | D:4      | 3234 ||| DROPPING potion of berserk rage.
  3235 | D:4      | 3235 ||| DROPPING scroll of immolation.
  3247 | D:5      | Entered Level 5 of the Dungeon
  3253 | D:5      | 3253 ||| STAIRDANCE
  3255 | D:4      | 3255 ||| INVOKING Fiery Armour.
  3386 | D:5      | Found a stormy altar of Qazlal.
  3386 | D:5      | Found a glowing golden altar of the Shining One.
  3514 | D:5      | Reached skill level 7 in Axes
  3763 | D:5      | 3763 ||| Stepping ~*~*~tactically~*~*~ (stealth).
  3764 | D:5      | 3764 ||| Stepping ~*~*~tactically~*~*~ (stealth).
  3772 | D:5      | Reached XP level 8. HP: 35/48 MP: 9/9
  3781 | D:5      | 3781 ||| Stepping ~*~*~tactically~*~*~ (stealth).
  3783 | D:5      | 3783 ||| Stepping ~*~*~tactically~*~*~ (stealth).
  4162 | D:5      | 4162 ||| UPGRADING to +0 chain mail.
  4172 | D:5      | 4172 ||| DROPPING +0 scale mail.
  4173 | D:5      | 4173 ||| UPGRADING to +0 cloak.
  4178 | D:5      | 4178 ||| READING scroll of enchant armour.
  4178 | D:5      | 4178 ||| ENCHANTING +0 cloak.
  4179 | D:5      | 4179 ||| UPGRADING to ring of willpower.
  4181 | D:5      | 4181 ||| READING scroll labelled WIEDWYO QEIP.
  4182 | D:5      | 4182 ||| READING scroll labelled GUQOIR SAWOZUPN.
  4183 | D:5      | 4183 ||| READING scroll labelled UZOACU DEOG SETU.
  4288 | D:6      | Reached skill level 3 in Armour
  4720 | D:6      | 4720 ||| Stepping ~*~*~tactically~*~*~ (hiding).
  4722 | D:6      | 4722 ||| INVOKING Fiery Armour.
  4723 | D:6      | HP: 6/49 [orc priest/divine providence (17)]
  4724 | D:6      | 4724 ||| READING scroll of teleportation.
  4725 | D:6      | Noticed Pikel
  4726 | D:6      | Shot with an arrow by a centaur

Levels and vault maps discovered:
D:1:      zaba_arrival_water, layout_loops_ring
D:2:      layout_rooms, basic_altar
D:3:      layout_basic, uniq_grinder, uniq_ijyb
D:4:      layout_basic, uniq_eustachio
D:5:      layout_basic, gammafunk_temple_overflow_wave, st_stairs_13
D:6:      layout_basic, minmay_temple_entry_hall, uniq_pikel

Skill      XL: |  1  2  3  4  5  6  7  8 |
---------------+-------------------------+-----
Axes           | 3 4 6 7 |  7.7
Armour         | 1 2 3 |  3.0
Dodging        | 2 |  2.6
Fighting       | 4 5 |  5.3
Throwing       | 1 2 |  2.3
Spellcasting   | |  1.0
Fire Magic     | |  3.0

Action                     |  1- 3 |  4- 6 |  7- 9 || total
---------------------------+-------+-------+-------++-------
  Melee: Hand axe          |   123 |   119 |    18 ||   260
         War axe           |       |       |   123 ||   123
         Punch             |       |       |     2 ||     2
  Throw: Javelin           |       |       |    32 ||    32
         Boomerang         |       |       |    17 ||    17
 Invoke: Fiery Armour      |       |     1 |     3 ||     4
    Use: Scroll            |     2 |     2 |     8 ||    12
         Potion            |     2 |       |       ||     2
 Armour: Robe              |    17 |       |       ||    17
         Scale mail        |    39 |    64 |    71 ||   174
         Chain mail        |       |       |    25 ||    25
  Dodge: Dodged            |    72 |    50 |    73 ||   195

Table legend:
 A = Non-vault XP
 B = Vault XP
 C = Vault XP percentage of total XP
 D = Non-vault monster count
 E = Vault monster count
 F = Vault count percentage of total count
                 A         B        C        D         E       F
            +---------+---------+-------+---------+---------+-------
      Total |    1482 |     584 |  28.3 |     108 |       6 |   5.3
            +---------+---------+-------+---------+---------+-------
        D:1 |      38 |       0 |   0.0 |      24 |       0 |   0.0
        D:2 |      50 |       0 |   0.0 |      17 |       0 |   0.0
        D:3 |      63 |     298 |  82.5 |      16 |       2 |  11.1
        D:4 |     356 |     196 |  35.5 |      24 |       1 |   4.0
        D:5 |     306 |      90 |  22.7 |      12 |       3 |  20.0
        D:6 |     669 |       0 |   0.0 |      15 |       0 |   0.0
            +---------+---------+-------+---------+---------+-------
